Arrhythmia, chaotic female vampiric Wizard # ----.----- |....`...| |........| ------ |........| |....| |....^....# |.....## ------.---# |....| # ## ##%#.....| ### #% |....| # ## -.-+-- ### --------- 0### # |."@?%*!| # ###|.?[%[))| # #-@[*[%??| ### # --------- #-.----.-- #..%%....| |<(.....| |......{| |.......| --------- Arrhythmia the Conjurer Experience level: 3 Strength: 9 Dexterity: 13 Constitution: 14 Intelligence: 18 Wisdom: 12 Charisma: 9 Health: 28(28) Energy: 46(46) AC: 5 Gold: 0 Moves: 588 Your Inventory: Weapons a - a blessed +1 quarterstaff (weapon in hands) Armor b - an uncursed +0 cloak of magic resistance (being worn) n - an [uncursed] +0 iron skull cap [orcish helm] (being worn) p - an [uncursed] +0 ring mail (being worn) Comestibles D - an [uncursed] Hyper Futa Mare Dick Scrolls i - an uncursed scroll of identify j - an uncursed scroll of create monster k - an uncursed scroll of destroy armor Spellbooks l - a blessed spellbook of force bolt m - an uncursed spellbook of detect unseen Potions f - an uncursed potion of confusion g - an uncursed potion of healing h - an uncursed potion of speed Rings d - an uncursed ring of slow digestion (on right hand) e - an uncursed ring of stealth Wands c - an uncursed wand of opening (0:7) o - an [uncursed] ceramic wand [of sleep (0:8)] Spells known in the end: Name Level Category Fail Memory a - force bolt 1 attack 76% [||||||||] b - detect unseen 3 divination 100% [||||||||] Your skills at the end: Fighting Skills Weapon Skills quarterstaff [Basic / Expert] Spellcasting Skills attack spells [Basic / Expert] enchantment spells [Basic / Skilled] Final Attributes: You were fervently aligned. Hunger level was 877. Your alignment was 12 / 12. Monster difficulty range was 0 - 2. Level difficulty was 2. You were immune to level-drain. You were magic-protected. You could fly. You could survive without air. You had slower digestion. You regenerated. Your luck was zero. Anhur was angry with you (1). You survived. Vanquished creatures: a kitten 2 hobbits 2 jackals 2 goblins 5 grid bugs 3 lichens 4 newts 19 creatures vanquished. Voluntary challenges: You were an atheist. You went without food. You were illiterate. You used a wielded weapon 14 times. You put on armor 4 times. You never genocided any monsters. You never polymorphed an object. You never changed form. You used no wishes. You abstained from Elbereth's help. You never encountered a bones level. You never used any Sokoban shortcuts. Dungeon overview: The Dungeons of Doom: levels 1 to 2 Level 1 a long staircase Level 2 <- You were here a general store, a fountain History has recorded: On T:1 you entered the Dungeons of Doom to retrieve the Amulet of Yendor! On T:204 you advanced to experience level 2. On T:420 you reached level 2 of The Dungeons of Doom. On T:423 you advanced to experience level 3. Latest messages: You see here a pancake (20 zorkmids). You see here a scroll of create monster (266 zorkmids). You see here a Hyper Futa Mare Dick (22 zorkmids). You see here a scroll of create monster (266 zorkmids). You see here a clove of garlic (9 zorkmids). You see here a violet gem (533 zorkmids). You see here a pink potion (200 zorkmids). You see here a broad pick (66 zorkmids). You see here a ring mail (173 zorkmids). You see here a piece of cloth (106 zorkmids). You see here a black gem (1133 zorkmids). You see here a scale mail (60 zorkmids). You see here a ring mail (133 zorkmids). You see here a Hyper Futa Mare Dick (22 zorkmids). You see here a rectangular amulet (266 zorkmids). You see here a Hyper Futa Mare Dick (22 zorkmids). "For you, honored dark lady; only 22 for this Hyper Futa Mare Dick." q - a Hyper Futa Mare Dick (unpaid, 22 zorkmids). Moving: D - a Hyper Futa Mare Dick (unpaid, 22 zorkmids). Upernavik comes and takes all your possessions. Final status: Goodbye Arrhythmia the Wizard... You quit in The Dungeons of Doom on dungeon level 2 with 246 points, and 0 pieces of gold, after 588 moves. You were level 3 with a maximum of 28 hit points when you quit.